Map: Curious Minds LE

Players

Pumba - Winner!

  • Race: Protoss Protoss
  • League: Silver
  • Spawn Location: 5:00

HurtConveyor

  • Race: Terran Terran
  • League: Silver
  • Spawn Location: 11:00

VOD

Have the link to the VOD?

Description

Time

  • Played on: Jan. 25, 2022, 8:44 p.m.
  • Length: 10:28
Show
View Real Time Build Order
Export as new Build Order

Pumba Protoss - Winner!

Build Orders: 1 Gate Expand 

Get SALT Encoding   

  12  0:03  Probe  
  13  0:15  Probe  
  14  0:22  Pylon  
  14  0:27  Probe  
  15  0:40  Probe (Chrono Boost)  
  15  0:42  Gateway  
  16  0:52  Probe (Chrono Boost)  
  16  0:54  Assimilator  
  17  1:01  Probe (Chrono Boost)  
  18  1:07  Probe  
  19  1:19  Probe  
  20  1:26  Nexus  
  20  1:39  Cybernetics Core  
  20  1:41  Probe  
  20  1:47  Assimilator  
  21  1:53  Probe  
  22  1:54  Pylon  
  22  2:05  Probe  
  23  2:15  Stalker (Chrono Boost)  
  22  2:17  Warp Gate, Probe  
  26  2:30  Probe  
  26  2:37  Robotics Facility  
  26  2:40  Stalker  
  28  2:44  Probe (Chrono Boost)  
  28  2:45  Probe (Chrono Boost)  
  30  2:54  Probe x2 (Chrono Boost)  
  32  2:59  Probe (Chrono Boost)  
  32  3:05  Gateway  
  33  3:06  Gateway  
  33  3:11  Pylon  
  33  3:13  Probe (Chrono Boost)  
  33  3:17  Probe (Chrono Boost)  
  35  3:24  Probe (Chrono Boost)  
  37  3:27  Probe (Chrono Boost)  
  37  3:28  Probe (Chrono Boost)  
  37  3:30  Stalker  
  40  3:37  Shield Battery  
  35  4:15  Stalker x3  
  41  4:20  Shield Battery  
  41  4:30  Probe x2 (Chrono Boost)  
  43  4:34  Observer  
  45  4:39  Probe (Chrono Boost)  
  45  4:47  Probe x2  
  47  4:59  Probe x2  
  49  5:11  Probe  
  49  5:54  Pylon  
  49  5:58  Immortal (Chrono Boost), Pylon  
  53  6:06  Twilight Council  
  53  6:10  Gateway x2  
  53  6:13  Gateway  
  53  6:16  Gateway  
  53  6:18  Gateway  
  53  6:21  Probe x2, Gateway  
  53  6:22  Gateway  
  53  6:23  Assimilator  
  53  6:24  Pylon  
  53  6:25  Assimilator  
  55  6:29  Pylon x2  
  55  6:33  Pylon  
  55  6:35  Probe (Chrono Boost)  
  55  6:38  Probe (Chrono Boost)  
  55  6:39  Pylon  
  57  6:43  Pylon  
  57  6:46  Probe (Chrono Boost)  
  59  6:50  Charge (Chrono Boost), Probe (Chrono Boost)  
  59  6:57  Templar Archives, Probe  
  60  7:14  Warp Prism (Chrono Boost)  
  60  7:20  Zealot x3  
  60  7:21  Zealot x6  
  80  7:23  Zealot  
  82  8:31  High Templar x9  
  100  8:35  High Templar  
  100  8:37  Archon x3  
  100  8:38  Archon  
  100  8:39  Archon  
  98  8:56  Pylon  
  98  8:58  Pylon  
  98  9:00  Pylon  
  98  9:01  Pylon  
  71  9:28  Zealot x9  
  82  9:32  Observer (Chrono Boost)  
  82  9:33  Forge  
  82  9:37  Probe x2  
  84  9:38  Stalker  
  85  9:49  Probe  
  86  9:54  Stalker x3  
  86  9:55  Stalker x2  
  96  10:17  Photon Cannon  
  96  10:20  Pylon  
Show
View Real Time Build Order
Export as new Build Order

HurtConveyor Terran 

Build Orders:  

Get SALT Encoding   

  12  0:11  Supply Depot  
  12  0:13  SCV  
  13  0:38  Barracks  
  13  0:40  SCV  
  14  0:47  Supply Depot  
  14  0:52  SCV  
  15  1:05  SCV  
  16  1:21  SCV, Refinery  
  16  1:25  Barracks  
  17  1:29  Marine  
  18  1:35  SCV  
  18  1:37  Refinery  
  19  1:47  SCV  
  19  1:54  Marine  
  21  1:59  SCV  
  22  2:16  Marine x2  
  22  2:18  Barracks  
  24  2:27  SCV  
  25  2:34  Marine  
  25  2:35  Supply Depot  
  25  2:36  Marine  
  27  2:41  SCV  
  28  2:47  Factory  
  28  2:52  Marine  
  28  2:57  Marine  
  30  3:04  Engineering Bay  
  30  3:06  Marine  
  31  3:14  Marine  
  31  3:18  SCV  
  33  3:29  Supply Depot  
  33  3:31  Marine x2  
  33  3:32  Marine  
  35  3:49  Reaper, Marine x2  
  35  3:54  Factory Tech Lab  
  30  4:07  Marine  
  26  4:36  Siege Tank  
  29  4:41  Missile Turret  
  29  4:45  Starport  
  29  5:00  Barracks Reactor  
  29  5:05  Orbital Command  
  29  5:16  Bunker  
  29  5:20  Siege Tank  
  32  5:23  Starport Tech Lab  
  32  5:33  Command Center  
  32  5:38  Marine x2  
  34  5:54  Missile Turret  
  34  5:56  Banshee, Marine  
  38  5:58  Cloaking Field  
  38  6:15  Refinery, SCV  
  39  6:24  Starport  
  39  6:27  SCV  
  40  6:39  SCV  
  41  6:48  SCV  
  41  6:49  Missile Turret  
  41  6:51  SCV  
  43  6:55  Banshee  
  43  7:00  SCV  
  47  7:08  Marine x2  
  47  7:12  SCV  
  50  7:21  Barracks Tech Lab  
  50  7:24  Starport Reactor  
  50  7:25  SCV, Starport  
  50  7:26  Siege Tank, Marine  
  55  7:32  Refinery  
  55  7:37  SCV  
  56  7:41  Marine  
  57  7:47  Combat Shield  
  57  7:49  SCV  
  58  7:56  Barracks  
  58  8:09  Marine x3  
  61  8:18  Medivac  
  63  8:22  Supply Depot  
  63  8:29  Marine x3  
  66  8:42  Viking x2  
  66  8:46  Marine  
  66  8:48  Supply Depot  
  53  9:05  Siege Tank  
  31  9:24  Marine x2  
  31  9:31  Marine  
  24  9:42  Marine  
Tags
 
Add a new tag
Caveats
  • Supply blocks, unpowered buildings, or Contaminate may cause inaccurate times.
  • Supply counts are checked every 10 seconds.